 Dungeon Crawl Stone Soup version 0.30-a0-920-g7493c07aab (webtiles) character file.

Game seed: 7257237768148000746

6 Firecrotchwizard the Insei (level 1, 0/11 HPs)
             Began as a Vine Stalker Monk on Mar 22, 2023.
             Slain by a kobold
             ... wielding a +0 short sword
              (2 damage)
             ... on level 1 of the Dungeon.
             The game lasted 00:00:25 (72 turns).

Firecrotchwizard the Insei (Vine Stalker Monk)        Turns: 72, Time: 00:00:26

Health: 0/11       AC:  2    Str: 13    XL:     1   Next: 90%
Magic:  0/2        EV: 12    Int: 10    God:
Gold:   5          SH:  0    Dex: 16    Spells: 0/0 levels left

rFire   . . .      SeeInvis .      - Unarmed
rCold   . . .      Faith    .    (no shield)
rNeg    . . .      Spirit   +    a - +0 robe
rPois   .          Reflect  .    (no helmet)
rElec   .          Rampage  .    (no cloak)
rCorr   .                        (no gloves)
Will    .....                    (no boots)
Stlth   ++                       (no amulet)
HPRegen 0.21/turn                (no ring)
MPRegen 0.08/turn                (no ring)

@: no status effects
A: fangs 2, magic shield, antimagic bite, no potion heal 2
a: no special abilities


You were on level 1 of the Dungeon.
You visited 1 branch of the dungeon, and saw 1 of its levels.

You collected 5 gold pieces.

Inventory:

Armour
 a - a +0 robe (worn)
 b - a +0 chain mail
   (You found it on level 1 of the Dungeon)
Potions
 c - a potion of degeneration {unknown}
 G - a potion of ambrosia {!q}


   Skills:
 + Level 2.8 Fighting
 + Level 2.5 Dodging
 + Level 2.6 Stealth
 + Level 3.1 Unarmed Combat


You couldn't memorise any spells.
You didn't know any spells.
Your spell library was empty.

Dungeon Overview and Level Annotations

Branches:
Dungeon (1/15)

Altars:

Shops:
D:1 ?


Innate Abilities, Weirdness & Mutations

You have extremely sharp teeth.
When hurt, damage is shared between your health and your magic reserves.
Your bite disrupts and absorbs the magic of your enemies.
Potions cannot restore your health.


Message History

Bad channel name for runrest: 'Jiyva says: Divide and consume' Welcome, Firecrotchwizard the Vine Stalker Monk.
You feel drawn to the Orb of Zot, downwards into the unfathomable depths...
Found 5 gold pieces and a chain mail.
Found an escape hatch in the floor.
Found a staircase leading out of the dungeon.
You see here a +0 chain mail.
b - a +0 chain mail You now have 5 gold pieces. 2 bats come into view.
The bat closely misses you. x2
You miss the bat. The bat hits you but does no damage.
You hit the bat.
You kill the bat!
The bat closely misses you.
You barely miss the bat. The bat barely misses you. The bat barely misses you.
You hit the bat.
You kill the bat!
Found Polarroi's Magic Scroll Shoppe.
c - a green potion You see here a bat corpse.
A giant cockroach comes into view.
You hit the giant cockroach. Your bite misses the giant cockroach.
The giant cockroach bites you but does no damage.
You barely miss the giant cockroach. The giant cockroach misses you. x2
You barely miss the giant cockroach. The giant cockroach closely misses you.
You barely miss the giant cockroach. The giant cockroach barely misses you.
You hit the giant cockroach.
You kill the giant cockroach!
You see here a giant cockroach corpse.
Found a stone staircase leading down.
A hobgoblin comes into view.
A hobgoblin is nearby!
A bat comes into view.
Found 5 gold pieces.
Found a faded altar of an unknown god.
A goblin comes into view. It is wielding a +0 club.
There is a stone staircase leading down here.
A goblin comes into view. It is wielding a +0 club.
The goblin shouts!
The hobgoblin shouts!
The hobgoblin closely misses you.
The goblin shouts!
You hear a shout!
You hit the hobgoblin. You bite the hobgoblin. You drain its power.
The bat hits you but does no damage.
You hit the hobgoblin but do no damage. Your bite misses the hobgoblin.
The bat completely misses you. The hobgoblin hits you.
You take 2 damage, and have 9/11 hp.
You hit the hobgoblin.
You kill the hobgoblin!
The bat completely misses you. The bat closely misses you.
The bat closely misses you.
You hit the bat. Your bite misses the bat. The bat closely misses you.
The bat hits you but does no damage.
A kobold comes into view. It is wielding a +0 short sword.
The goblin barely misses you.
You hit the goblin. The bat hits you but does no damage.
The goblin closely misses you.
The kobold throws a stone.
The stone hits you.
You take 1 damage, and have 8/11 hp.
You completely miss the goblin. You bite the goblin.
You kill the goblin!
The goblin hits you with a +0 club. The bat hits you but does no damage.
You take 3 damage, and have 5/11 hp.
MASSIVE DAMAGE!!
You now have 1/2 mp.
You closely miss the goblin. Your bite misses the goblin. The bat misses you.
The goblin closely misses you.
You hit the goblin.
You kill the goblin!
The bat closely misses you.
The kobold throws a stone.
The stone hits you.
You take 1 damage, and have 4/11 hp.
You see here a +0 club.
You start resting.
A bat is nearby!
You hit the kobold but do no damage. The kobold closely misses you.
You closely miss the kobold.
The kobold hits you with a +0 short sword.
* * * LOW HITPOINT WARNING * * *
You take 4 damage, and have 1/11 hp.
MASSIVE DAMAGE!!
You barely miss the kobold. Your bite misses the kobold.
The bat hits you but does no damage.
The kobold hits you with a +0 short sword.
You die...

..#.... P.#.P.P ._.P..
... #..P. . #..# #.K..
P ...# #P...
.##........+
#....###..........#
########K....# #....#
.......@.>..## #....#
.......)....## #....#
......b...#..# #....#
..........##.####....#
...$......##......†..#
..........##∩........#
..........###........#
########### #........#
#........#


You could see a bat and a kobold.

Vanquished Creatures
  A giant cockroach (D:1)
  A hobgoblin (D:1)
  2 bats (D:1)
  2 goblins (D:1)
6 creatures vanquished.

Vanquished Creatures (others)
  A fungus (D:1)
1 creature vanquished.

Grand Total: 7 creatures vanquished

Notes
Turn   | Place    | Note
-------+----------+-------------------------------------------
     0 | D:1      | Firecrotchwizard the Vine Stalker Monk began the quest for
                  | the Orb.
     0 | D:1      | Reached XP level 1. HP: 11/11 MP: 2/2
    34 | D:1      | Found Polarroi's Magic Scroll Shoppe.
    54 | D:1      | Found a faded altar of an unknown god.
    71 | D:1      | HP: 1/11 [kobold/+0 short sword (4)]
    72 | D:1      | Slain by a kobold

Illustrated notes

Levels and vault maps discovered:
D:1:      lemuel_arrival_hallway, layout_basic, shapermc_ecumenical_altar_gd,
          serial_shops, shop

Action                     || total
---------------------------++-------
  Melee: Unarmed           ||    20
         Bite              ||     2
 Armour: Robe              ||     7
  Dodge: Dodged            ||    21

Table legend: (Time is in decaauts)
 A = Elapsed time spent in this place.
 B = Non-inter-level travel time spent in this place.
 C = Inter-level travel time spent in this place.
 D = Time resting spent in this place.
 E = Time spent auto-exploring this place.
 F = Levels seen in this place.
 G = Mean time per level.
                   A        B        C        D        E       F      G
               +--------+--------+--------+--------+--------+-----+--------+
         Total |     71 |     71 |      0 |      3 |     27 |   1 |   71.0 |
       Dungeon |     71 |     71 |      0 |      3 |     27 |   1 |   71.0 |
               +--------+--------+--------+--------+--------+-----+--------+

Top non-repeatable levels by time:
     D:1: 71 daAuts

Table legend:
 A = Kills in this place as a percentage of kills in the entire game.
 B = Kills by you in this place as a percentage of kills by you in the entire game.
 C = Kills by friends in this place as a percentage of kills by friends in the entire game.
 D = Other kills in this place as a percentage of other kills in the entire game.
 E = Experience gained in this place as a percentage of experience gained in the entire game.
 F = Experience gained in this place divided by the number of levels of this place that you have seen.
                   A       B       C       D       E      F
               +-------+-------+-------+-------+-------+----------------------
         Total | 100.0 | 100.0 |   N/A |   N/A | 100.0 |   9.0
       Dungeon | 100.0 | 100.0 |   N/A |   N/A | 100.0 |   9.0
               +-------+-------+-------+-------+-------+----------------------
